 Dungeon Crawl Stone Soup version 0.29.0-4-gdea44cf6ec (webtiles) character file.

Game seed: 11292304818358056372

35 qw the Chopper (level 3, -1/21 HPs)
             Began as a Tengu Warper on Aug 28, 2022.
             Slain by an adder (2 damage)
             ... on level 1 of the Dungeon.
             The game lasted 00:00:06 (1781 turns).

qw the Chopper (Tengu Warper)                       Turns: 1781, Time: 00:00:07

Health: -1/21      AC:  3    Str: 13    XL:     3   Next: 35%
Magic:  7/7        EV: 16    Int: 13    God:
Gold:   53         SH:  0    Dex: 13    Spells: 6/6 levels left

rFire   . . .      SeeInvis .   Y - +0 hand axe
rCold   . . .      Faith    .   (no shield)
rNeg    . . .      Spirit   .   b - +0 leather armour
rPois   .          Reflect  .   (helmet restricted)
rElec   .          Harm     .   (no cloak)
rCorr   .          Rampage  .   (no gloves)
Will    .....                   (boots unavailable)
Stlth   +.........              (no amulet)
HPRegen 0.07/turn               i - +4 ring of evasion
MPRegen 0.10/turn               (no ring)

@: no status effects
A: beak, talons 3
a: no special abilities


You were on level 1 of the Dungeon.
You visited 1 branch of the dungeon, and saw 2 of its levels.

You collected 53 gold pieces.


Innate Abilities, Weirdness & Mutations

You have a beak for a mouth.
You have claws for feet.


   Skills:
 - Level 2.0 Fighting
 + Level 4.1 Axes
 - Level 1.0 Throwing
 - Level 1.1 Armour
 - Level 2.1 Dodging
 - Level 2.0 Spellcasting
 - Level 2.4 Translocations


You had 6 spell levels left.
You didn't know any spells.
Your spell library contained the following spells:

 Spells                   Type           Power      Damage    Failure   Level
 Blink                    Tloc           14%        N/A       19%         2
 Gell's Gravitas          Tloc           7%         N/A       36%         3
 Lesser Beckoning         Tloc           7%         N/A       36%         3
 Teleport Other           Tloc           7%         N/A       36%         3
 Manifold Assault         Tloc           7%         N/A       98%         5

Inventory:

Hand Weapons
 e - a +0 whip
 Y - a +0 hand axe (weapon)
Missiles
 m - 4 boomerangs (quivered)
Armour
 b - a +0 leather armour (worn)
Jewellery
 i - a +4 ring of evasion (left hand)
Scrolls
 a - a scroll of identify
Potions
 g - a potion of curing
 h - a potion of resistance {unknown}
 l - a potion of attraction {unknown}

Dungeon Overview and Level Annotations

Branches:
Dungeon (2/15)

Altars:


Message History

HP restored.
Done exploring.
(D) Dungeon
Where to? (* - list waypoints, Enter - D:2, ? - help)
What level of the Dungeon? (default 1, ? - help)
You climb downwards.
The adder bites you.
You are poisoned.
The adder poisons you! The adder bites you.
You are more poisoned.
The adder poisons you! The adder completely misses you.
The adder closely misses you.
There is a stone staircase leading up, spattered with blood here.
1775 ||| STAIRDANCE You feel sick.
The adder bites you. x2; The adder misses you.
You climb upwards.
You feel sick.
There is a stone staircase leading down here.
You hit the adder.
The adder is heavily wounded.
You hit the adder.
You feel sick. The adder misses you. The adder completely misses you.
The adder closely misses you.
You barely miss the adder.
The adder is heavily wounded.
You hit the adder.
You feel sick. The adder misses you. The adder bites you but does no damage.
You hit the adder.
The adder is severely wounded.
You barely miss the adder.
You feel sick.
The adder bites you. x2; The adder barely misses you.
You barely miss the adder.
The adder is severely wounded.
You hit the adder but do no damage.
You feel sick.
You are no longer poisoned.
The adder closely misses you. x2; The adder completely misses you.
You hit the adder. Your peck misses the adder.
The adder is almost dead.
You closely miss the adder. The adder bites you.
The adder completely misses you. The adder bites you.
You die...

.#.# ##.................# ...#
##.....########.##### .###
##.......######...## #
..####.........##.......#########
.....+.........'.................
..####.........##.#...###########
.## ##.......##...#.#### # ##
##.....###.#......# # #
##...####@S.####.# # #
##.....S#### #.# ### # #.####.#
#.# #.. # ########.# #.# #.# #.#
# #........####.#######.# ##.# #
#.#####...............# ##.#. #
#.# ##......#.#.####### ##.### #
#.# #.......#.#.# ##.## #
###.###.#...###.#.# #.##


You could see 2 adders.

Vanquished Creatures
  An adder (D:1)
  A dart slug (D:1)
  2 bats (D:1)
  2 endoplasms (D:1)
  A giant cockroach (D:1)
  A goblin (D:1)
  2 hobgoblins (D:1)
  2 quokkas (D:1)
  4 ball pythons (D:1)
  3 frilled lizards (D:1)
  A kobold (D:1)
  4 rats (D:1)
24 creatures vanquished.

Vanquished Creatures (others)
  2 demonic plants (D:1)
2 creatures vanquished.

Grand Total: 26 creatures vanquished

Notes
Turn   | Place    | Note
-------+----------+-------------------------------------------
     0 | D:1      | qw the Tengu Warper began the quest for the Orb.
     0 | D:1      | Reached XP level 1. HP: 12/12 MP: 4/4
     0 | D:1      | 0 ||| qw: Version: 0.1-a-89-g26bdef1
     0 | D:1      | 0 ||| qw: Game counter: 3301
     0 | D:1      | 0 ||| qw: Always use a shield: true
     0 | D:1      | 0 ||| qw: God list: Okawaru
     0 | D:1      | 0 ||| qw: Allow faded altars: false
     0 | D:1      | 0 ||| qw: Do Orc after D:15 true
     0 | D:1      | 0 ||| qw: Do second Lair branch before Depths: true
     0 | D:1      | 0 ||| qw: Lair rune preference: random
     0 | D:1      | 0 ||| qw: Plans: Normal
     0 | D:1      | 0 ||| PLANNING D:1-11
   460 | D:1      | Reached skill level 3 in Axes
   460 | D:1      | Reached XP level 2. HP: 17/17 MP: 6/6
   566 | D:1      | 566 ||| Stepping ~*~*~tactically~*~*~ (hiding).
  1227 | D:1      | Reached XP level 3. HP: 21/21 MP: 7/7
  1439 | D:1      | 1439 ||| DROPPING amulet of magic regeneration.
  1440 | D:1      | 1440 ||| UPGRADING to +4 ring of evasion.
  1441 | D:1      | 1441 ||| READING 3 scrolls labelled ACUJATHEMAU.
  1442 | D:1      | 1442 ||| READING scroll labelled UVETSI ZADUF.
  1443 | D:1      | 1443 ||| READING scroll labelled YSHREEH RATWUCS.
  1447 | D:1      | 1447 ||| READING 2 scrolls of identify.
  1447 | D:1      | 1447 ||| IDENTIFYING blue potion
  1448 | D:1      | 1448 ||| DROPPING scroll of blinking.
  1499 | D:2      | 1499 ||| STAIRDANCE
  1504 | D:1      | Reached skill level 4 in Axes
  1506 | D:1      | HP: 5/21 [poisoned by an adder]
  1509 | D:1      | HP: 2/21 [poisoned by an adder]
  1775 | D:2      | 1775 ||| STAIRDANCE
  1779 | D:1      | HP: 3/21 [adder (4)]
  1781 | D:1      | HP: 1/21 [adder (1)]
  1781 | D:1      | Slain by an adder

Levels and vault maps discovered:
D:1:      lemuel_arrival_muddy, layout_loops_corners,
          dreamdust_princess_corridor
D:2:      minmay_door_path, layout_rooms, basic_altar, serial_shops, shop,
          ebering_ecumenical_altar_abandoned, minmay_tree_intersection,
          st_stairs_7, uniq_sigmund

Skill      XL: |  1  2  3 |
---------------+----------+-----
Axes           | 3 4 |  4.1
Fighting       | |  2.0
Throwing       | |  1.0
Armour         | |  1.1
Dodging        | |  2.1
Spellcasting   | |  2.0
Translocations | |  2.4

Action                   || total
-------------------------++-------
Melee: Hand axe          ||    71
       Kick              ||    10
       Peck              ||     4
       Punch             ||     2
Throw: Boomerang         ||    20
  Use: Scroll            ||     4
Armor: Leather armour    ||    19
Dodge: Dodged            ||    48

Table legend:
 A = Non-vault XP
 B = Vault XP
 C = Vault XP percentage of total XP
 D = Non-vault monster count
 E = Vault monster count
 F = Vault count percentage of total count
                 A         B        C        D         E       F
            +---------+---------+-------+---------+---------+-------
      Total |      51 |       0 |   0.0 |      24 |       0 |   0.0
            +---------+---------+-------+---------+---------+-------
        D:1 |      51 |       0 |   0.0 |      24 |       0 |   0.0
            +---------+---------+-------+---------+---------+-------
